 Dungeon Crawl Stone Soup version 0.32-a0-40-g2adb59ae06 (webtiles) character file.

Game seed: 10881107374001900519

252 pokeman the Magician (level 5, -1/29 HPs)
             Began as a Deep Elf Hedge Wizard on Jan 24, 2024.
             Was an Initiate of Vehumet.
             Killed by divine providence
             ... invoked by an orc priest
              (10 damage)
             ... on level 4 of the Dungeon.
             The game lasted 00:06:16 (4366 turns).

pokeman the Magician (Deep Elf Hedge Wizard)        Turns: 4366, Time: 00:06:17

Health: -1/29      AC:  3    Str:  7    XL:     5   Next: 89%
Magic:  3/16       EV: 13    Int: 27    God:    Vehumet [......]
Gold:   198        SH:  0    Dex: 14    Spells: 9/17 levels left

rFire   . . .        e - +1 whip (vamp)
rCold   . . .        (no shield)
rNeg    . . .        b - +0 robe
rPois   .            s - +0 helmet
rElec   .            (no cloak)
rCorr   +            (no gloves)
SInv    .            (no boots)
Will    .....        (no amulet)
Stlth   ++           f - ring of resist corrosion
HPRegen 0.24/turn    o - +6 ring of intelligence
MPRegen 0.15/turn

%: no passive effects
@: no status effects
A: no striking features
a: Renounce Religion


You were on level 4 of the Dungeon.
You worshipped Vehumet.
Vehumet was noncommittal.
You visited 2 branches of the dungeon, and saw 5 of its levels.

You collected 198 gold pieces.

Inventory:

Hand Weapons
 e - a +1 vampiric whip (weapon)
Armour
 b - a +0 robe (worn)
 s - a +0 helmet (worn)
Magical Staves
 r - a staff of cold
Jewellery
 c - a ring of see invisible
 f - a ring of resist corrosion (left hand)
 k - a ring of ice
 o - a +6 ring of intelligence (right hand)
 t - a ring of positive energy
Scrolls
 a - a scroll of amnesia {unknown}
 g - a scroll of vulnerability {unknown}
 h - a scroll of revelation {unknown}
 l - 3 scrolls of identify {unknown}
 m - a scroll of fear {unknown}
 p - a scroll of brand weapon {unknown}
 q - a scroll of enchant weapon {unknown}
Potions
 d - a potion of magic
 i - a potion of mutation {unknown}
 j - a potion of enlightenment {unknown}
 n - 2 potions of curing {unknown}


   Skills:
 - Level 1.0 Fighting
 - Level 1.0 Armour
 - Level 3.0 Dodging
 - Level 3.1 Stealth
 * Level 6.5 Spellcasting
 + Level 2.8 Conjurations
 - Level 1.1 Summonings
 - Level 1.1 Translocations
 + Level 0.8 Ice Magic
 + Level 0.6 Air Magic
 + Level 0.7 Alchemy
 + Level 1.0 Evocations


You had 9 spell levels left.
You knew the following spells:

 Your Spells              Type           Power      Damage    Failure   Level
a - Magic Dart            Conj           96%        1d7       1%          1
b - Mephitic Cloud        Conj/Alch/Air  16%        N/A       11%         3
c - Call Imp              Summ           28%        N/A       6%          2
d - Blink                 Tloc           28%        N/A       6%          2

Your spell library contained the following spells:

 Spells                   Type           Power      Damage    Failure   Level
 Slow                     Hex            32%        N/A       6%          1
 Cigotuvi's Dreadful Rot  Necr/Alch/Air  22%        N/A       8%          2
 Hailstorm                Conj/Ice       18%        3d7       9%          3
 Summon Ice Beast         Ice/Summ       13%        N/A       12%         3
 Martyr's Knell           Necr/Summ      11%        N/A       43%         4
 Dispel Undead            Necr           8%         3d8       52%         4
 Death Channel            Necr           4%         N/A       100%        6
 Sculpt Simulacrum        Ice/Alch       6%         N/A       100%        6


Dungeon Overview and Level Annotations

Branches:
Dungeon (4/15)             Temple (1/1) D:4

Altars:
Dithmenos
Elyvilon
Hepliaklqana
Kikubaaqudgha
Makhleb
Nemelex Xobeh
Okawaru
Qazlal
Trog
Uskayaw
Vehumet
Xom
Zin

Shops:
D:3 *


Message History

Aim: an orc, wielding a +0 trident and wearing a +0 chain mail (100% to hit)
The magic dart hits the orc but does no damage.
Casting: Magic Dart (safe; 1% risk of failure)
Confirm with . or Enter, or press ? or * to list all spells.
Aiming: Magic Dart (safe; 1% risk of failure)
Press: ? - help, Shift-Dir - straight line, f/p - orc
Aim: an orc, wielding a +0 trident and wearing a +0 chain mail (100% to hit)
The magic dart hits the orc but does no damage.
The orc completely misses you.
Casting: Magic Dart (safe; 1% risk of failure)
Confirm with . or Enter, or press ? or * to list all spells.
Aiming: Magic Dart (safe; 1% risk of failure)
Press: ? - help, Shift-Dir - straight line, f/p - orc
Aim: an orc, wielding a +0 trident and wearing a +0 chain mail (100% to hit)
The magic dart hits the orc but does no damage.
The orc closely misses you.
An orc priest comes into view. It is wielding a +0 hand axe.
Casting: Magic Dart (safe; 1% risk of failure)
Confirm with . or Enter, or press ? or * to list all spells.
Aiming: Magic Dart (safe; 1% risk of failure)
Press: ? - help, Shift-Dir - straight line, f/p - orc
Aim: an orc, wielding a +0 trident and wearing a +0 chain mail (100% to hit)
The magic dart hits the orc.
The orc is severely wounded.
The orc barely misses you.
Casting: Magic Dart (safe; 1% risk of failure)
Confirm with . or Enter, or press ? or * to list all spells.
Aiming: Magic Dart (safe; 1% risk of failure)
Press: ? - help, Shift-Dir - straight line, f/p - orc
Aim: an orc, wielding a +0 trident and wearing a +0 chain mail (severely wounded, 100% to hit)
The magic dart hits the orc but does no damage.
The orc is severely wounded.
The orc priest invokes the aid of Beogh against you.
Beogh smites you!
The orc hits you from afar with a +0 trident.
* * * LOW HITPOINT WARNING * * *
Unknown command.
The orc priest invokes the aid of Beogh against you.
Beogh smites you!
You die...

###### #.###...##.#
####.....# #.# ##
#....##### ##.## #######.
##)##.#...###...###...#...
#..##..(⌠....._.....⌠...[.
#.###.#...###...###...#...
#.# #.########.## #####...
#.###.##.....#.# #.....†
#..#.....@####.## #....†.
#..........##...# #......
#........g..#.⌠.# #.(....
#........o..#...# ##.....
#...<.......##.#######....
#...........##.......#####
#.......†...########......
#.#......o.## ####...
###....))).# ##..


You could see an orc priest, an orc and a goblin.

Vanquished Creatures
  An orc priest (D:3)
  Jessica (D:2)
  2 orc wizards
  4 adders
  3 dart slugs
  3 ribbon worms
  5 orcs
  5 ball pythons
  7 endoplasms
  2 giant cockroaches
  3 goblins
  7 hobgoblins
  4 jackals (D:4)
  8 kobolds
  5 quokkas
  4 bats
  4 frilled lizards
68 creatures vanquished.

Vanquished Creatures (collateral kills)
  A sleepcap (D:4)
1 creature vanquished.

Grand Total: 69 creatures vanquished

Notes
Turn   | Place    | Note
-------+----------+-------------------------------------------
     0 | D:1      | pokeman the Deep Elf Hedge Wizard began the quest for the
                  | Orb.
     0 | D:1      | Reached XP level 1. HP: 10/10 MP: 7/7
   481 | D:1      | Reached XP level 2. HP: 15/15 MP: 7/9
  1730 | D:2      | Reached skill level 5 in Spellcasting
  1730 | D:2      | Reached XP level 3. HP: 20/20 MP: 3/11
  1734 | D:2      | Learned a level 3 spell: Mephitic Cloud
  1737 | D:2      | Learned a level 2 spell: Call Imp
  1740 | D:2      | Learned a level 2 spell: Blink
  1919 | D:2      | Noticed Jessica
  1930 | D:2      | Killed Jessica
  1931 | D:2      | Reached skill level 1 in Fighting
  1931 | D:2      | Reached skill level 1 in Armour
  2150 | D:2      | Reached XP level 4. HP: 25/25 MP: 4/13
  2539 | D:2      | Found a faded altar of an unknown god.
  2624 | D:2      | Found a shimmering altar of Xom.
  2710 | D:3      | Found Zin's Purification Station.
  2711 | D:3      | Found a glowing silver altar of Zin.
  3652 | D:3      | Reached skill level 6 in Spellcasting
  3652 | D:3      | Reached XP level 5. HP: 26/29 MP: 11/15
  3796 | D:4      | Found a staircase to the Ecumenical Temple.
  3805 | Temple   | Entered the Ecumenical Temple
  3823 | Temple   | Became a worshipper of Vehumet
  4243 | D:4      | Found a white marble altar of Elyvilon.
  4359 | D:4      | Reached skill level 1 in Evocations
  4366 | D:4      | Killed from afar by an orc priest

Illustrated notes

Levels and vault maps discovered:
D:1:      dpeg_arrival_lava_temple_mockup, layout_basic
D:2:      layout_basic, basic_altar, shapermc_ecumenical_altar_ellora,
          minmay_pentomino_pile, uniq_jessica
D:3:      layout_basic, zin_purify, grunt_ministairs_11
D:4:      layout_rooms, elyvilon_altar_1, evilmike_ruin_ashenzari,
          minmay_temple_entry_slanted, serial_bayou, serial_bayou_lake_a,
          serial_bayou_lagoon_a, serial_bayou_pond_c, serial_bayou_shore_b,
          nicolae_zen_rock_garden, uniq_duvessa
Temple:   chequers_temple_sunken

Skill      XL: |  1  2  3  4  5 |
---------------+----------------+-----
Spellcasting   | 5 6 |  6.5
Fighting       | 1 |  1.0
Armour         | 1 |  1.0
Conjurations   | 2 |  2.8
Stealth        | 3 |  3.1
Dodging        | 3 |  3.0
Evocations     | 1 |  1.0
Summonings     | |  1.1
Translocations | |  1.1
Ice Magic      | |  0.8
Air Magic      | |  0.6
Alchemy        | |  0.7

Action                     |  1- 3 |  4- 6 || total
---------------------------+-------+-------++-------
  Melee: Whip              |    20 |    52 ||    72
   Cast: Magic Dart        |    78 |   109 ||   187
         Mephitic Cloud    |     1 |     4 ||     5
         Call Imp          |       |     1 ||     1
   Stab: Sleeping          |     1 |     1 ||     2
         Confused          |     3 |     6 ||     9
 Armour: Robe              |     9 |    33 ||    42
  Dodge: Dodged            |    11 |    28 ||    39

Table legend: (Time is in decaauts)
 A = Elapsed time spent in this place.
 B = Non-inter-level travel time spent in this place.
 C = Inter-level travel time spent in this place.
 D = Time resting spent in this place.
 E = Time spent auto-exploring this place.
 F = Levels seen in this place.
 G = Mean time per level.
                   A        B        C        D        E       F      G
               +--------+--------+--------+--------+--------+-----+--------+
         Total |   4388 |   4120 |    268 |     84 |   3510 |   5 |  877.6 |
       Dungeon |   4350 |   4117 |    233 |     84 |   3510 |   4 | 1087.5 |
        Temple |     38 |      3 |     35 |      0 |      0 |   1 |   38.0 |
               +--------+--------+--------+--------+--------+-----+--------+

Top non-repeatable levels by time:
     D:1: 1521 daAuts
     D:2: 1179 daAuts
     D:3: 1061 daAuts
     D:4: 588 daAuts
  Temple: 38 daAuts
